 Dungeon Crawl Stone Soup version 0.27.1 (webtiles) character file.

Game seed: 12757490547918398646

42 Descartes the Ducker (level 3, 0/17 HPs)
             Began as a Felid Monk on Sept 3, 2021.
             Succumbed to an adder's poison
             ... on level 2 of the Dungeon.
             The game lasted 00:02:09 (1770 turns).

Descartes the Ducker (Felid Monk)                   Turns: 1770, Time: 00:02:09

Health: 0/17       AC:  1    Str:  8    XL:     3   Next: 33%
Magic:  4/4        EV: 19    Int: 11    God:
Gold:   57         SH:  0    Dex: 18    Spells: 2/2 levels left
                                        Lives:  0   Deaths: 0

rFire    . . .     SeeInvis +     - Unarmed
rCold    . . .     Faith    .   (shield unavailable)
rNeg     . . .     Spirit   .   (armour unavailable)
rPois    .         Reflect  .   (helmet unavailable)
rElec    .         Harm     .   (cloak unavailable)
rCorr    .         Rampage  .   (gloves unavailable)
Will     .....                  (boots unavailable)
Stlth    +++.......             (no amulet)
HPRegen  0.05/turn              (no ring)
MPRegen  0.09/turn              (no ring)

@: lethally poisoned (0 -> -6), quick
A: very small, claws 1, fangs 3, see invisible, speed 1, shaggy fur 1, stealthy
paws, no weapons or thrown items, no armour, multi-lived
a: no special abilities


You were on level 2 of the Dungeon.
You visited 1 branch of the dungeon, and saw 2 of its levels.

You collected 57 gold pieces.

Inventory:

Missiles
 a - 43 stones
Scrolls
 b - a scroll of magic mapping {unknown}
 c - a scroll of identify {unknown}
 e - a scroll of vulnerability {unknown}
Potions
 d - a potion of curing {unknown}


   Skills:
 - Level 3.0 Fighting
 + Level 4.5 Dodging
 * Level 4.3 Stealth
 + Level 3.3 Unarmed Combat


You had 2 spell levels left.
You didn't know any spells.
Your spell library contained the following spells:

 Spells                   Type           Power      Damage    Failure   Level
 Summon Small Mammal      Summ           0%         N/A       34%         1
 Call Canine Familiar     Summ           0%         N/A       71%         3
 Summon Guardian Golem    Hex/Summ       0%         N/A       71%         3


Dungeon Overview and Level Annotations

Branches:
Dungeon (2/15)

Altars:


Innate Abilities, Weirdness & Mutations

You have sharp claws.
You have razor-sharp teeth.
You have supernaturally acute eyesight. (SInv)
You cover ground quickly. (Speed+)
You are covered in fur. (AC +1)
Your paws help you pounce on unaware monsters.
You are incapable of wielding weapons or throwing items.
You cannot wear armour.
You gain extra lives every three experience levels.


Message History

You scratch the adder.
The adder is heavily wounded.
You feel sick. The adder completely misses you.
You closely miss the adder.
The adder is heavily wounded.
You feel sick. The adder barely misses you.
You scratch the adder.
The adder is heavily wounded.
You feel sick. The adder misses you.
You scratch the adder.
The adder is almost dead.
You feel sick. The adder bites you but does no damage.
A rat comes into view.
You scratch the adder.
The adder is almost dead.
You feel sick. The adder closely misses you. The adder bites you.
You are lethally poisoned!
The adder poisons you!
You are too injured to fight recklessly!
You are too injured to fight recklessly!
You are too injured to fight recklessly!
You are too injured to fight recklessly!
You are too injured to fight recklessly!
You are too injured to fight recklessly!
You are too injured to fight recklessly!
You are too injured to fight recklessly!
You are too injured to fight recklessly!
You are too injured to fight recklessly!
You are too injured to fight recklessly!
You are too injured to fight recklessly!
You are too injured to fight recklessly!
You are too injured to fight recklessly!
* * * LOW HITPOINT WARNING * * *
You feel sick.
* * * LOW HITPOINT WARNING * * *
You feel sick.
* * * LOW HITPOINT WARNING * * *
You feel sick.
There is a stone staircase leading up here.
You die...

##. #$ #.. #.##
#.# #... # ##.##
#.r#
...###...####..#
#.....#....#..#
#####...##.#..#
#
#..........#.S#
#
#............@#
#
#..###.##..#.##
# #..# #.##..#.#
# #..#
#.##....########
# #..#
#...............
####..#
####..##########
..##..######..#
#.##..........#
..###........##


You could see an adder and a rat.

Vanquished Creatures
  3 dart slugs (D:1)
  3 orcs (D:2)
  A bat (D:1)
  2 endoplasms (D:1)
  5 goblins (D:1)
  2 hobgoblins (D:1)
  7 kobolds
  A quokka (D:1)
  3 ball pythons
  A frilled lizard (D:1)
  2 rats
30 creatures vanquished.

Notes
Turn   | Place    | Note
-------+----------+-------------------------------------------
     0 | D:1      | Descartes the Felid Monk began the quest for the Orb.
     0 | D:1      | Reached XP level 1. HP: 10/10 MP: 2/2
   287 | D:1      | Reached XP level 2. HP: 10/14 MP: 3/3
  1105 | D:1      | Reached XP level 3. HP: 9/17 MP: 4/4
  1770 | D:2      | Succumbed to an adder's poison

Illustrated notes

Levels and vault maps discovered:
D:1:      saegor_arrival_miasma, layout_loops_ring
D:2:      layout_loops_ring, ebering_ecumenical_altar_mist, uniq_natasha

Skill      XL: |  1  2 |
---------------+-------+-----
Stealth        | 3 4 |  4.3
Fighting       | |  3.0
Dodging        | |  4.5
Unarmed Combat | |  3.3

Action                   || total
-------------------------++-------
Melee: Unarmed           ||    98
       Bite              ||     5
       Punch             ||     1
 Stab: Sleeping          ||     7
Armor: Skin              ||     2
Dodge: Dodged            ||    59
